Cogmind - Beta 14 *** ADVENTURER MODE // 2024.09.08 @ 21:26:43 // Winter2019/RPGLIKE Player: Gallgagger Result: Destroyed by Warlord with Compact HERF Cannon Performance ------------- Evolutions (5) 2500 Regions Visited (16) 3200 Robots Destroyed (379) 1895 Value Destroyed (15972) 15972 Prototype IDs (18) 360 Alien Tech Used (0) 0 Bonus (6988) 6988 TOTAL SCORE: 30915 Bonus ------- High Alert Combat Kills 3856 Follower Combat Kills 1104 Entered Garrisons 400 Used RIF Installer 1000 Entered DSFs 500 MAIN.C Attacked Warlord 500 Friendly Fire -372 Cogmind --------- Core Integrity 0/1000 Matter 295/300 Energy 659/700 System Corruption 5% Temperature Cool (0) Movement Flying (91) Ox1 Location -5/Warlord Parts ------- > --- POWER (3) -------- Enhanced Nuclear Core Enhanced Nuclear Core Enhanced Nuclear Core > --- PROPULSION (5) --- Improved Cesium-ion Thruster Improved Cesium-ion Thruster Improved Cesium-ion Thruster Improved Cesium-ion Thruster > --- UTILITY (5) ------ Experimental Core Analyzer Experimental Core Analyzer Advanced Hacking Suite Advanced Hacking Suite Advanced System Shield > --- WEAPON (3) ------- Wave Gun Enhanced Quantum Rifle Enhanced Nova Cannon > --- INVENTORY (4) ---- Wave Gun Enhanced Nova Cannon Enhanced Nova Cannon Signal Generator Peak State ------------ > --- POWER ------------ Enhanced Nuclear Core Enhanced Nuclear Core Enhanced Nuclear Core > --- PROPULSION ------- Xenon Bombardment Thruster Improved Cesium-ion Thruster Improved Cesium-ion Thruster Improved Cesium-ion Thruster Improved Cesium-ion Thruster > --- UTILITY ---------- Experimental Core Analyzer Experimental Core Analyzer Advanced Hacking Suite Advanced Hacking Suite Advanced System Shield > --- WEAPON ----------- Wave Gun Enhanced Quantum Rifle Enhanced Nova Cannon > --- INVENTORY -------- Wave Gun Enhanced Nova Cannon Enhanced Nova Cannon Signal Generator [Rating: 103] Favorites ----------- Power Enhanced Nuclear Core Engine Light Ion Engine Power Core Enhanced Nuclear Core Propulsion Improved Cesium-ion Thruster Wheel Wheel Flight Unit Improved Cesium-ion Thruster Utility Hacking Suite Device Tractor Beam Processor Experimental Core Analyzer Hackware Hacking Suite Weapon Improved EM Shotgun Energy Gun Improved EM Shotgun Energy Cannon Enhanced Nova Cannon Ballistic Gun Assault Rifle Ballistic Cannon Improved Light Cannon Build | -11 -10 -10 -9 -9 -8 -8 -7 -7 -6 -6 -5 -5 -5 -5 -5 -5 ------- Run | Yrd Mat Min Mat Min Mat Gar Fac Sto Fac DSF Fac Gar Fac Upp Upp War Slots Evolved 12 | 5 1 1 3 1 1 . . . . . . . . . . . Power 2 | 1 . . . . 1 . . . . . . . . . . . Propulsion 4 | 1 . 1 1 1 . . . . . . . . . . . . Utility 4 | 2 . . 2 . . . . . . . . . . . . . Weapon 2 | 1 1 . . . . . . . . . . . . . . . Parts Attached 77 | 6 2 4 10 2 3 2 7 19 . 3 6 10 3 . . . Power 10 | 2 . . . . . 2 2 4 . . . . . . . . Engine 6 | 2 . . . . . 1 2 1 . . . . . . . . Core 4 | . . . . . . 1 . 3 . . . . . . . . Reactor . | . . . . . . . . . . . . . . . . . Propulsion 22 | 2 . 3 3 2 2 . 5 5 . . . . . . . . Treads . | . . . . . . . . . . . . . . . . . Leg . | . . . . . . . . . . . . . . . . . Wheel 2 | 2 . . . . . . . . . . . . . . . . Hover . | . . . . . . . . . . . . . . . . . Flight 20 | . . 3 3 2 2 . 5 5 . . . . . . . . Utility 15 | . . 1 4 . 1 . . . . . 2 5 2 . . . Device 3 | . . 1 . . . . . . . . . 2 . . . . Storage . | . . . . . . . . . . . . . . . . . Processor 4 | . . . . . . . . . . . . 3 1 . . . Hackware 8 | . . . 4 . 1 . . . . . 2 . 1 . . . Protection . | . . . . . . . . . . . . . . . . . Artifact . | . . . . . . . . . . . . . . . . . Weapon 30 | 2 2 . 3 . . . . 10 . 3 4 5 1 . . . Energy Gun 19 | . . . 3 . . . . 5 . 3 4 4 . . . . Energy Cannon 3 | . . . . . . . . 1 . . . 1 1 . . . Ballistic Gun 6 | 2 . . . . . . . 4 . . . . . . . . Ballistic Cannon 2 | . 2 . . . . . . . . . . . . . . . Launcher . | . . . . . . . . . . . . . . . . . Special Weapon . | . . . . . . . . . . . . . . . . . Impact Weapon . | . . . . . . . . . . . . . . . . . Slashing Weapon . | . . . . . . . . . . . . . . . . . Piercing Weapon . | . . . . . . . . . . . . . . . . . Special Melee Weapon . | . . . . . . . . . . . . . . . . . Unidentified Prototypes 10 | . . . 1 . . . . 4 . . . 5 . . . . Parts Lost 1 | . . . . . . . . . . . . . . . . 1 Power . | . . . . . . . . . . . . . . . . . Propulsion 1 | . . . . . . . . . . . . . . . . 1 Utility . | . . . . . . . . . . . . . . . . . Weapon . | . . . . . . . . . . . . . . . . . Highest Loss Streak 1 | . . . . . . . . . . . . . . . . 1 To Critical Strikes . | . . . . . . . . . . . . . . . . . Average Slot Usage (%) 94 | . 64 69 96 99 95 98 100 99 . 100 100 100 100 100 100 100 Engine 7 | . 21 19 15 13 12 12 12 7 . . . . . . . . Core 9 | . . . . . . 4 6 9 . 18 18 18 18 18 18 18 Wheel 2 | . 21 17 . . . . . . . . . . . . . . Flight 26 | . . 5 23 32 31 31 31 30 . 31 31 31 31 31 31 31 Device 1 | . . 9 7 6 2 . . . . . . . . . . . Processor 2 | . . . . . . . . . . . . 1 10 12 12 12 Hackware 22 | . . . 25 26 28 31 31 31 . 31 31 29 19 18 18 18 Energy Gun 14 | . . . 23 20 18 18 18 17 . 14 18 17 16 12 12 12 Energy Cannon 1 | . . . . . . . . . . 3 . . 1 6 6 6 Ballistic Cannon 2 | . 18 18 . . . . . . . . . . . . . . Peak Build Rating 103 | 6 8 10 33 35 39 43 54 67 66 69 80 91 103 103 103 103 Average Rating 58 | 4 7 9 30 34 37 42 52 61 66 67 75 82 98 103 103 102 On Entrance 53 | . 6 8 8 33 35 39 43 54 66 66 67 80 91 103 103 103 Naked Turns . | . . . . . . . . . . . . . . . . . Heaviest Build 48 | 9 14 15 16 16 16 20 32 38 38 40 39 47 48 48 48 48 Greatest Support 50 | 20 20 20 25 33 34 34 40 40 40 40 40 40 50 50 50 50 Greatest Overweight (x) 1 | . . 1 . . . . . . . . . 1 . . . . Average Overweight (x) . | . . . . . . . . . . . . . . . . . Largest Inventory Capacity 4 | 1 1 1 1 1 2 3 3 4 4 4 4 4 4 4 4 4 Average Capacity 2 | 1 1 1 1 1 1 2 3 3 4 4 4 4 4 4 4 4 Most Carried 4 | . 1 1 1 1 2 3 3 3 3 3 4 4 4 4 4 4 Average Carried 2 | . . 1 1 1 1 2 2 2 3 3 3 3 4 4 4 4 Final Capacity 4 | 1 1 1 1 1 2 3 3 4 4 4 4 4 4 4 4 4 Final Carried 4 | . 1 1 1 1 2 3 3 3 3 3 4 4 4 4 4 4 Class Distribution -------------------- 83% | Wizard-Sprinter 13% | Hacker-Mutant Dominant Class ---------------- Hacker-Mutant | -10/Materials Hacker-Mutant | -10/Mines Wizard-Sprinter | -9/Materials Wizard-Sprinter | -9/Mines Wizard-Sprinter | -8/Materials Wizard-Sprinter | -8/Garrison Wizard-Sprinter | -7/Factory Wizard-Sprinter | -7/Storage Wizard-Sprinter | -6/Factory Wizard-Sprinter | -6/DSF Wizard-Sprinter | -5/Factory Wizard-Sprinter | -5/Garrison Wizard-Sprinter | -5/Factory Wizard-Sprinter | -5/Upper Caves Wizard-Sprinter | -5/Upper Caves Wizard-Sprinter | -5/Warlord Resources | -11 -10 -10 -9 -9 -8 -8 -7 -7 -6 -6 -5 -5 -5 -5 -5 -5 ----------- Run | Yrd Mat Min Mat Min Mat Gar Fac Sto Fac DSF Fac Gar Fac Upp Upp War Matter Collected 1502 | 260 284 208 100 20 30 71 76 223 . 40 60 100 30 . . . Remotely 300 | . . 160 100 20 20 . . . . . . . . . . . Salvage Created 16288 | . 267 242 1376 223 1306 1159 875 2899 . 248 1984 855 2275 523 107 1949 Parts 868 | . 19 17 136 26 48 92 52 136 . 17 73 47 102 20 8 75 Haulers Intercepted 9 | . 2 . 5 . 1 . . . . . . . 1 . . . Recyclers Shooed 2 | . . . . . 1 . 1 . . . . . . . . . Parts Field Recycled . | . . . . . . . . . . . . . . . . . Retrieved Matter . | . . . . . . . . . . . . . . . . . Parts Self-Destructed 22 | . . . . . . . . . . . . . . 14 8 . Prevented . | . . . . . . . . . . . . . . . . . Kills | -11 -10 -10 -9 -9 -8 -8 -7 -7 -6 -6 -5 -5 -5 -5 -5 -5 ------- Run | Yrd Mat Min Mat Min Mat Gar Fac Sto Fac DSF Fac Gar Fac Upp Upp War Combat Hostiles Destroyed 316 | . 10 10 32 12 21 33 17 45 . 4 36 23 38 9 4 22 Guns 224 | . . . 26 10 13 26 11 31 . 4 36 22 35 2 2 6 Cannons 45 | . 10 10 . . . . . . . . . . 2 7 2 14 AOE 28 | . . . 4 1 5 5 5 8 . . . . . . . . Classes Destroyed 26 | . 4 3 4 2 2 1 . 1 . 3 . 2 1 . 1 2 Worker 9 | . . 2 5 . . . . 2 . . . . . . . . Builder 4 | . . . 2 . 1 . . . . . . . 1 . . . Tunneler 1 | . . . 1 . . . . . . . . . . . . . Hauler 9 | . 2 . 5 . 1 . . . . . . . 1 . . . Recycler 8 | . . 2 1 1 . . . 4 . . . . . . . . Minesweeper 1 | . . . . . . . . . . . . . . . 1 . Mechanic 1 | . . . . . . . . 1 . . . . . . . . Operator 8 | . . . 3 . 1 . . 1 . . . . 3 . . . Watcher 21 | . 1 . 5 . 2 . 4 2 . . 1 . 6 . . . Swarmer 73 | . 3 6 13 8 . 7 6 5 . . 13 4 8 . . . Cutter 1 | . . . . . . . . . . 1 . . . . . . Saboteur 1 | . . . . . . . . . . . . . 1 . . . Grunt 117 | . 7 2 9 2 13 14 4 23 . . 15 10 14 4 . . Brawler 8 | . . . . 1 . . 1 2 . . 2 . 2 . . . Duelist 5 | . . . . . 2 . . . . . . . 1 . 2 . Protector 4 | . . . . 1 . . . 3 . . . . . . . . Sentry 50 | . . . 10 . 5 7 5 10 . . 6 1 4 1 1 . Specialist 1 | . . . . . . . . . . 1 . . . . . . Hunter 16 | . . . . . 1 3 . 1 . . 1 4 6 . . . Programmer 8 | . . . . . . 2 1 1 . 1 . . 2 . 1 . Heavy 1 | . . . . . . . . . . 1 . . . . . . Behemoth 3 | . . . . . . . . . . . . 3 . . . . Executioner 1 | . . . . . . . . . . . . 1 . . . . Assembled 2 | . . 2 . . . . . . . . . . . . . . Surgeon 2 | . . . . . . . . . . . . . . . . 2 Thug 10 | . . . . . . . . . . . . . . 4 . 6 Savage 3 | . . . . . . . . . . . . . . . . 3 Butcher 1 | . . . . . . . . . . . . . . . . 1 Bouncer 5 | . . . . . . . . . . . . . . . . 5 Marauder 2 | . . . . . . . . . . . . . . . . 2 Mutant 2 | . . . . . . . . . . . . . . . . 2 Commander 1 | . . . . . . . . . . . . . . . . 1 Knight 2 | . . . . . . . . . . . . . . . . 2 Best Kill Streak 27 | . 3 5 15 17 6 13 4 27 . 2 15 11 13 4 3 9 Combat Bots Only 23 | . 3 3 7 4 6 13 4 23 . 2 15 11 11 4 3 9 Max Kills in Single Turn 3 | . 2 1 3 2 2 2 2 3 . 1 2 3 2 1 1 2 Gunslinging 2 | . . . 1 1 . . . . . . . 2 1 . . . Exploded 2 | . . . 1 1 2 1 2 2 . . . . . . . . Melee . | . . . . . . . . . . . . . . . . . Uniques/NPCs Destroyed . | . . . . . . . . . . . . . . . . . Combat | -11 -10 -10 -9 -9 -8 -8 -7 -7 -6 -6 -5 -5 -5 -5 -5 -5 -------- Run | Yrd Mat Min Mat Min Mat Gar Fac Sto Fac DSF Fac Gar Fac Upp Upp War Hostile Shots Fired 1266 | . 52 23 56 32 60 122 146 244 . 17 119 75 84 13 10 213 Missed 606 | . 16 7 32 15 24 48 81 140 . 5 55 40 37 4 4 98 Damage Taken 7527 | . 345 100 329 117 473 842 521 961 . 269 697 482 561 106 86 1638 Core 5994 | . 274 79 260 97 380 658 410 761 . 227 560 395 452 83 66 1292 Absorbed by Shields 9 | . . . . . . 2 . . . 7 . . . . . . Redirected to Core 4894 | . 217 60 224 58 311 556 304 558 . 136 449 294 375 71 66 1215 Ignored by Resistances 3927 | . 103 33 95 37 174 307 290 600 . 168 465 346 390 76 56 787 Core Remaining (%) 89 | 100 . 62 . 100 . 100 . 100 . 77 . . . . . . Volleys Fired 620 | . 35 21 50 13 33 62 34 83 . 9 65 68 70 14 6 57 Largest 3 | . 2 2 3 3 3 3 3 3 . 3 3 3 3 3 3 3 Hottest 266 | . 78 78 135 135 135 135 135 170 . 218 243 243 266 266 266 266 Shots Fired 1717 | . 68 42 150 39 99 179 102 249 . 26 194 146 202 42 18 161 Gun 1522 | . 4 . 150 39 99 179 102 249 . 23 194 146 193 28 12 104 Cannon 195 | . 64 42 . . . . . . . 3 . . 9 14 6 57 Launcher . | . . . . . . . . . . . . . . . . . Special . | . . . . . . . . . . . . . . . . . Kinetic 116 | . 68 42 . . . . . 6 . . . . . . . . Thermal 794 | . . . . . . . . 7 . 24 194 146 202 42 18 161 Explosive . | . . . . . . . . . . . . . . . . . Electromagnetic 807 | . . . 150 39 99 179 102 236 . 2 . . . . . . Robot Hit Streak 83 | . 14 6 20 19 32 41 46 60 . 63 23 83 48 61 23 33 Robot Miss Streak 4 | . 1 1 3 3 3 3 4 3 . 1 3 2 3 1 2 1 Penetration Max . | . . . . . . . . . . . . . . . . . Secondary Targets 50 | . . . 4 3 3 8 . 7 . . 5 10 10 . . . Max Gunslinging Chain 2 | . . . 1 1 1 1 . 1 . . 1 2 1 . . . Shots Hit Robots 1333 | . 47 24 99 33 80 142 90 213 . 23 136 116 150 35 14 131 Core Hits 828 | . 18 13 79 20 58 94 68 173 . 16 75 47 82 14 9 62 Critical Kills 1 | . . . . . . . . . . . . . . . . 1 Critical Parts Destroyed . | . . . . . . . . . . . . . . . . . Critical Strikes 24 | . . . . . . . . . . . 8 3 4 1 1 7 Burn 23 | . . . . . . . . . . . 8 3 4 1 1 6 Meltdown 1 | . . . . . . . . . . . . . . . . 1 Melee Attacks . | . . . . . . . . . . . . . . . . . Impact . | . . . . . . . . . . . . . . . . . Slashing . | . . . . . . . . . . . . . . . . . Piercing . | . . . . . . . . . . . . . . . . . Sneak Attacks . | . . . . . . . . . . . . . . . . . Combat Hostiles . | . . . . . . . . . . . . . . . . . Follow-up Attacks . | . . . . . . . . . . . . . . . . . Damage Inflicted 37247 | . 984 599 2502 713 2637 2699 2237 5302 . 536 3827 3429 5245 1411 518 4608 Guns 27777 | . 40 . 1904 506 1652 1851 1423 4021 . 507 3827 3429 4914 831 374 2498 Cannons 4737 | . 944 599 . . . . . . . 29 . . 331 580 144 2110 Explosions 4733 | . . . 598 207 985 848 814 1281 . . . . . . . . Melee . | . . . . . . . . . . . . . . . . . Ramming . | . . . . . . . . . . . . . . . . . Kinetic 1686 | . 984 599 . . . . . 103 . . . . . . . . Thermal 24430 | . . . 598 207 985 848 814 1438 . 502 3827 3429 5245 1411 518 4608 Explosive . | . . . . . . . . . . . . . . . . . Electromagnetic 11131 | . . . 1904 506 1652 1851 1423 3761 . 34 . . . . . . Impact . | . . . . . . . . . . . . . . . . . Slashing . | . . . . . . . . . . . . . . . . . Piercing . | . . . . . . . . . . . . . . . . . Highest Corruption 5 | . . . . . . 5 1 1 . . . . . . . 5 Average Corruption 1 | . . . . . . 4 1 1 . . . . . . . 2 Corruption Purged . | . . . . . . . . . . . . . . . . . Corruption Blocked . | . . . . . . . . . . . . . . . . . Effects 20 | . . . . . . 8 2 9 . . . . . . . 1 Message Errors 6 | . . . . . . 1 1 4 . . . . . . . . Matter Fused 6 | . . . . . . 2 1 2 . . . . . . . 1 Heat Flow Errors 2 | . . . . . . 2 . . . . . . . . . . Energy Discharges 3 | . . . . . . 1 . 2 . . . . . . . . Data Loss (minor) 2 | . . . . . . 1 . 1 . . . . . . . . Weapon Failures 1 | . . . . . . 1 . . . . . . . . . . Overload Shots . | . . . . . . . . . . . . . . . . . Overflow Damage 270 | . 6 29 16 6 76 48 20 27 . . . . 18 . . 24 Projectiles 77 | . 6 29 . . . . . . . . . . 18 . . 24 Explosions 193 | . . . 16 6 76 48 20 27 . . . . . . . . Melee . | . . . . . . . . . . . . . . . . . Knockbacks 28 | . 16 12 . . . . . . . . . . . . . . Impact . | . . . . . . . . . . . . . . . . . Kinetic 26 | . 15 11 . . . . . . . . . . . . . . Secondary 2 | . 1 1 . . . . . . . . . . . . . . Self-Inflicted Damage 484 | . . . 114 . 43 43 104 180 . . . . . . . . Shots 19 | . . . 4 . 2 2 3 8 . . . . . . . . Rammed . | . . . . . . . . . . . . . . . . . Targets Rammed . | . . . . . . . . . . . . . . . . . Kicked . | . . . . . . . . . . . . . . . . . Crushed . | . . . . . . . . . . . . . . . . . Highest Temperature 423 | . 306 . 45 71 147 423 371 371 . . 365 239 104 15 . 262 Average Temperature 84 | . 80 . 13 24 41 119 107 117 . . 108 88 45 9 . 98 Received Heat Transfer 2577 | . 255 9 105 21 333 270 99 453 . . 240 198 249 111 27 207 Effects 13 | . 2 . . . . 3 1 4 . . 3 . . . . . Shutdowns 3 | . . . . . . 1 1 1 . . . . . . . . Energy Bleed 1 | . . . . . . 1 . . . . . . . . . . Interference 7 | . 2 . . . . . . 3 . . 2 . . . . . Matter Decay 1 | . . . . . . 1 . . . . . . . . . . Short Circuit 1 | . . . . . . . . . . . 1 . . . . . Siege Activations . | . . . . . . . . . . . . . . . . . Robots Corrupted 15 | . . . 2 1 3 2 1 6 . . . . . . . . Combat Hostiles 15 | . . . 2 1 3 2 1 6 . . . . . . . . Parts Fried 80 | . . . 10 2 9 11 15 33 . . . . . . . . Impact Corruptions 2 | . 1 1 . . . . . . . . . . . . . . Robots Melted 4 | . . . . . . . . . . . . 1 1 . . 2 Combat Hostiles 4 | . . . . . . . . . . . . 1 1 . . 2 Parts Melted 67 | . . . 1 . 2 . . 1 . 3 19 8 18 2 5 8 Heat Transferred 28544 | . . . 500 300 1050 775 600 1508 . 982 6093 4284 6068 1406 592 4386 Parts Sabotaged . | . . . . . . . . . . . . . . . . . Parts Stolen . | . . . . . . . . . . . . . . . . . Parts Stripped . | . . . . . . . . . . . . . . . . . Power Chain Reactions 62 | . . . 8 3 9 12 10 15 . . . . 5 . . . Alert | -11 -10 -10 -9 -9 -8 -8 -7 -7 -6 -6 -5 -5 -5 -5 -5 -5 ------- Run | Yrd Mat Min Mat Min Mat Gar Fac Sto Fac DSF Fac Gar Fac Upp Upp War Peak Influence 1733 | . 459 288 663 395 542 1018 1237 1707 665 521 761 982 1733 . . . Initial 665 | . . 85 31 94 130 11 462 474 665 410 227 112 446 . . . Average 566 | . 230 169 288 326 151 676 743 1070 665 460 282 675 1244 . . . Maximum Alert Level 5 | . 2 1 2 1 2 3 4 5 2 2 3 3 5 . . . Low Security (%) 22 | 100 33 59 36 10 66 7 . . . . 28 17 . . . . Level 1 24 | . 58 40 30 89 23 12 . . . . 53 3 . . . . Level 2 18 | . 7 . 32 . 10 22 46 16 100 100 10 19 12 . . . Level 3 22 | . . . . . . 57 46 49 . . 7 59 18 . . . Level 4 8 | . . . . . . . 6 19 . . . . 53 . . . Level 5 3 | . . . . . . . . 14 . . . . 15 . . . High Security . | . . . . . . . . . . . . . . . . . Max Security . | . . . . . . . . . . . . . . . . . Squads Dispatched 42 | . . . 3 1 2 . 5 14 . 3 5 . 9 . . . Investigation 9 | . . . 2 . 1 . 1 2 . . 1 . 2 . . . Extermination 3 | . . . . . . . . 1 . . 1 . 1 . . . Reinforcement 13 | . . . 1 . . . 2 4 . 3 . . 3 . . . Assault 8 | . . . . 1 1 . . 3 . . . . 3 . . . Garrison 9 | . . . . . . . 2 4 . . 3 . . . . . Intercept . | . . . . . . . . . . . . . . . . . Searches Triggered . | . . . . . . . . . . . . . . . . . Construction Impeded 2 | . . . . . . . . 1 . . . . 1 . . . Haulers Reinforced 1 | . . . . . . . . 1 . . . . . . . . Active Scanning Responses . | . . . . . . . . . . . . . . . . . Cargo Convoy Interrupts . | . . . . . . . . . . . . . . . . . Stealth | -11 -10 -10 -9 -9 -8 -8 -7 -7 -6 -6 -5 -5 -5 -5 -5 -5 --------- Run | Yrd Mat Min Mat Min Mat Gar Fac Sto Fac DSF Fac Gar Fac Upp Upp War Distress Signals 7 | . . . 2 . . . 1 1 . . 1 . 2 . . . Communications Jammed . | . . . . . . . . . . . . . . . . . Distress Signals . | . . . . . . . . . . . . . . . . . Times Spotted 433 | . 17 10 36 13 27 32 33 63 . 12 43 29 69 10 4 35 Peak Tracking Total 16 | . 3 4 4 4 4 5 6 16 . 7 14 5 10 4 3 13 Tactical Retreats 19 | . 1 . 2 1 . . 2 6 . 1 3 1 1 . . 1 Traps | -11 -10 -10 -9 -9 -8 -8 -7 -7 -6 -6 -5 -5 -5 -5 -5 -5 ------- Run | Yrd Mat Min Mat Min Mat Gar Fac Sto Fac DSF Fac Gar Fac Upp Upp War Traps Triggered 19 | . 1 . 1 . . 5 1 1 . 3 . 5 . . . 2 Indirectly . | . . . . . . . . . . . . . . . . . Trap Hack Attempts . | . . . . . . . . . . . . . . . . . Triggered . | . . . . . . . . . . . . . . . . . Disarmed . | . . . . . . . . . . . . . . . . . Reprogrammed 38 | . 14 . . . 6 . 6 . . . 12 . . . . . Reused 5 | . 4 . . . . . . . . . 1 . . . . . Traps Extracted . | . . . . . . . . . . . . . . . . . Installed 15 | . . . . . . . . . . 6 . . . . 9 . Triggered 12 | . 4 . . . . . . . . . 1 . . . 1 6 Machines | -11 -10 -10 -9 -9 -8 -8 -7 -7 -6 -6 -5 -5 -5 -5 -5 -5 ---------- Run | Yrd Mat Min Mat Min Mat Gar Fac Sto Fac DSF Fac Gar Fac Upp Upp War Machines Disabled 27 | . 2 . 6 1 1 3 4 2 . . . 2 4 . . 2 Max in Single Turn 3 | . 1 . 3 1 1 1 1 1 . . . 1 1 . . 1 Garrison Access 1 | . . . . . . . . . . . . . 1 . . . Garrison Relay 4 | . . . . . . 4 . . . . . . . . . . Machines Repaired . | . . . . . . . . . . . . . . . . . Machines Dismantled . | . . . . . . . . . . . . . . . . . Machines Sabotaged . | . . . . . . . . . . . . . . . . . Overloaded Fab Kills 3 | . . . . . . . . . . . . . 3 . . . Hacking | -11 -10 -10 -9 -9 -8 -8 -7 -7 -6 -6 -5 -5 -5 -5 -5 -5 --------- Run | Yrd Mat Min Mat Min Mat Gar Fac Sto Fac DSF Fac Gar Fac Upp Upp War Machines Accessed 85 | . 8 . 11 . 8 3 14 13 1 . 15 3 8 . 1 . Terminals 60 | . 6 . 9 . 7 3 7 12 1 . 8 3 4 . . . Fabricators 11 | . . . . . . . 4 . . . 4 . 3 . . . Repair Stations . | . . . . . . . . . . . . . . . . . Recycling Units 4 | . 2 . 1 . . . 1 . . . . . . . . . Scanalyzers 2 | . . . 1 . . . 1 . . . . . . . . . Garrison Access 7 | . . . . . 1 . 1 1 . . 3 . 1 . . . Total Hacks 321 | . 53 . 50 . 36 3 46 30 1 . 60 3 38 . 1 . Successful 272 | . 31 . 37 . 34 3 44 28 1 . 58 3 32 . 1 . Failed 49 | . 22 . 13 . 2 . 2 2 . . 2 . 6 . . . Catastrophic 4 | . 1 . 2 . . . . . . . . . 1 . . . Database Lockouts . | . . . . . . . . . . . . . . . . . Manual 210 | . 41 . 31 . 31 . 24 19 . . 31 . 33 . . . Terminals 242 | . 47 . 47 . 31 3 26 26 1 . 34 3 24 . . . Fabricators 37 | . . . . . . . 12 . . . 15 . 10 . . . Repair Stations . | . . . . . . . . . . . . . . . . . Recycling Units 8 | . 6 . 1 . . . 1 . . . . . . . . . Scanalyzers 5 | . . . 2 . . . 3 . . . . . . . . . Garrison Access 28 | . . . . . 5 . 4 4 . . 11 . 4 . . . Terminal Hacks 147 | . 16 . 25 . 17 3 17 23 1 . 30 3 11 . 1 . Record 6 | . . . 2 . . . 4 . . . . . . . . . Part Schematic 9 | . . . . . . . . 3 . . 6 . . . . . Robot Schematic 3 | . . . . . . . 2 . . . 1 . . . . . Robot Analysis 19 | . 6 . 1 . 2 . 2 6 . . . . 2 . . . Prototype ID Bank 4 | . 1 . 2 . . . . . . . 1 . . . . . Open Door 10 | . . . . . . 1 . 7 . . . 1 . . 1 . Open DSF 3 | . . . . . . . 1 . 1 . 1 . . . . . Level Access Points 3 | . . . 1 . . . . 1 . . . . 1 . . . Branch Access Points 8 | . 1 . 1 . 1 . 1 1 . . 2 . 1 . . . Emergency Access Points 9 | . . . 2 . 2 1 . 1 . . 1 1 1 . . . Machine Index 7 | . 1 . 2 . 1 . 1 1 . . 1 . . . . . Fabricator Index 1 | . . . . . . . . 1 . . . . . . . . Alert Level 9 | . 1 . 2 . 1 . 1 . . . 3 . 1 . . . Unreport Threat 26 | . . . 8 . 6 . . 1 . . 7 . 4 . . . Locate Traps 1 | . 1 . . . . . . . . . . . . . . . Reprogram Traps 12 | . 3 . 1 . 2 . 2 . . . 4 . . . . . Surveillance Status 1 | . . . . . . . 1 . . . . . . . . . Transport Status 1 | . 1 . . . . . . . . . . . . . . . Extermination Status 1 | . . . . . . . . . . . 1 . . . . . Reinforcement Status 1 | . . . 1 . . . . . . . . . . . . . Assault Status 1 | . . . . . 1 . . . . . . . . . . . Recall Investigation 1 | . . . . . . . 1 . . . . . . . . . Recall Reinforcements 1 | . . . . . . . . 1 . . . . . . . . Registered Components 1 | . . . 1 . . . . . . . . . . . . . Registered Prototypes 3 | . . . . . . . 1 . . . 1 . 1 . . . Zone Layout 4 | . 1 . 1 . 1 . . . . . 1 . . . . . Garrison Registry 1 | . . . . . . 1 . . . . . . . . . . Patrol Navigation 1 | . . . . . . . . . . . . 1 . . . . Fabricator Hacks 9 | . . . . . . . 4 . . . 3 . 2 . . . Build 9 | . . . . . . . 4 . . . 3 . 2 . . . Repair Station Hacks . | . . . . . . . . . . . . . . . . . Recycling Unit Hacks . | . . . . . . . . . . . . . . . . . Scanalyzer 5 | . . . 2 . . . 3 . . . . . . . . . Insert Component 3 | . . . 1 . . . 2 . . . . . . . . . Analyze 2 | . . . 1 . . . 1 . . . . . . . . . Garrison Access Hacks 8 | . . . . . 2 . 1 1 . . 3 . 1 . . . Unlock Access 7 | . . . . . 1 . 1 1 . . 3 . 1 . . . Coupler Status 1 | . . . . . 1 . . . . . . . . . . . Unauthorized Hacks 95 | . 8 . 10 . 15 . 18 4 . . 22 . 18 . . . Terminals 47 | . 8 . 9 . 12 . 7 1 . . 3 . 7 . . . Track 7 | . 3 . 1 . 2 . . . . . . . 1 . . . Assimilate 4 | . . . . . 2 . 1 . . . . . 1 . . . Botnet 32 | . 5 . 8 . 7 . 5 1 . . 2 . 4 . . . Operators 4 | . . . . . 1 . 1 . . . 1 . 1 . . . Fabricators 27 | . . . . . . . 8 . . . 11 . 8 . . . Report 1 | . . . . . . . . . . . . . 1 . . . Prioritize 7 | . . . . . . . 3 . . . 3 . 1 . . . Liberate 6 | . . . . . . . 1 . . . 3 . 2 . . . Fabnet 10 | . . . . . . . 4 . . . 4 . 2 . . . Haulers 2 | . . . . . . . . . . . 1 . 1 . . . Overload 1 | . . . . . . . . . . . . . 1 . . . Repair Stations . | . . . . . . . . . . . . . . . . . Recycling Units 1 | . . . 1 . . . . . . . . . . . . . Tunnel 1 | . . . 1 . . . . . . . . . . . . . Scanalyzers . | . . . . . . . . . . . . . . . . . Garrison Access 20 | . . . . . 3 . 3 3 . . 8 . 3 . . . Broadcast 7 | . . . . . 1 . 1 1 . . 3 . 1 . . . Reprogram 7 | . . . . . 1 . 1 1 . . 3 . 1 . . . Watchers 6 | . . . . . 1 . 1 1 . . 2 . 1 . . . Data Cores Recovered 3 | . . . 1 . 1 . . . . . . . 1 . . . Used 1 | . . . 1 . . . . . . . . . . . . . Hacking Detections 55 | . 8 . 9 . 7 2 7 6 . . 10 1 5 . . . Full Trace Events 1 | . . . . . . . 1 . . . . . . . . . Feedback Events . | . . . . . . . . . . . . . . . . . Feedback Blocked . | . . . . . . . . . . . . . . . . . Robot Schematics Acquired 3 | . . . . . . . 2 . . . 1 . . . . . Robots Built 11 | . . . . . . . 7 . . . 1 . 3 . . . Authchips . | . . . . . . . . . . . . . . . . . Time 269 | . . . . . . . 126 . . . 76 . 67 . . . Total Robot Build Rating 27 | . . . . . . . 10 . . . 5 . 12 . . . Part Schematics Acquired 11 | . . . 1 . . . 1 3 . . 6 . . . . . Parts Built 10 | . . . . . . . 4 . . . 4 . 2 . . . Authchips . | . . . . . . . . . . . . . . . . . Time 414 | . . . . . . . 175 . . . 186 . 53 . . . Total Part Build Rating 70 | . . . . . . . 28 . . . 30 . 12 . . . Parts Repaired . | . . . . . . . . . . . . . . . . . Time . | . . . . . . . . . . . . . . . . . Parts Recycled . | . . . . . . . . . . . . . . . . . Recycled Matter . | . . . . . . . . . . . . . . . . . Retrieved Matter . | . . . . . . . . . . . . . . . . . Retrieved Components . | . . . . . . . . . . . . . . . . . Parts Scanalyzed 2 | . . . 1 . . . 1 . . . . . . . . . Part Schematics Acquired 2 | . . . 1 . . . 1 . . . . . . . . . Parts Damaged . | . . . . . . . . . . . . . . . . . Bothacking | -11 -10 -10 -9 -9 -8 -8 -7 -7 -6 -6 -5 -5 -5 -5 -5 -5 ------------ Run | Yrd Mat Min Mat Min Mat Gar Fac Sto Fac DSF Fac Gar Fac Upp Upp War Used RIF Installer 2 | . . . . . . 1 . . . . . 1 . . . . Program Shield 1 | . . . . . . . . . . . . 1 . . . . Robots Hacked 10 | . . . . . . . . . . 2 4 . 1 1 . 2 Non-combat . | . . . . . . . . . . . . . . . . . Combat 10 | . . . . . . . . . . 2 4 . 1 1 . 2 Robot Hacks Applied . | . . . . . . . . . . . . . . . . . Relay Couplers Released 7 | . . . . . . 6 . . . . . . 1 . . . Machine Destruction 7 | . . . . . . 6 . . . . . . 1 . . . Fabnet Peak Effective % 12 | . . . . . . . . . 12 12 4 4 4 4 4 4 Autooverrided 10 | . . . . . . . . . . 2 4 . 1 1 . 2 Robots Rewired 9 | . . . . . . 3 . . . . . 5 1 . . . Allies Hacked . | . . . . . . . . . . . . . . . . . Hacks Repelled . | . . . . . . . . . . . . . . . . . Allies | -11 -10 -10 -9 -9 -8 -8 -7 -7 -6 -6 -5 -5 -5 -5 -5 -5 -------- Run | Yrd Mat Min Mat Min Mat Gar Fac Sto Fac DSF Fac Gar Fac Upp Upp War Total Allies 46 | . . . . 1 1 5 8 5 . 2 6 7 8 1 . 2 Largest Group 9 | . . . . 1 2 5 9 3 . 1 1 6 8 1 . 1 Highest-Rated Group 543 | . . . . 31 41 116 175 62 . 29 29 492 543 29 . 46 Highest-Rated Ally 137 | . . . . 31 31 31 31 31 . 29 29 119 137 29 . 46 Total Orders . | . . . . . . . . . . . . . . . . . Ally Attacks 252 | . . . . . 15 7 42 44 . 4 14 33 83 1 . 9 Total Damage 6739 | . . . . . 298 85 889 586 . 57 221 1301 2813 20 . 469 Kills 54 | . . . . . 4 1 10 3 . . . 7 29 . . . Allies Corrupted 1 | . . . . . . . . . . . . . . . . 1 Allies Melted . | . . . . . . . . . . . . . . . . . Intel | -11 -10 -10 -9 -9 -8 -8 -7 -7 -6 -6 -5 -5 -5 -5 -5 -5 ------- Run | Yrd Mat Min Mat Min Mat Gar Fac Sto Fac DSF Fac Gar Fac Upp Upp War Robot Analysis Total 19 | . 6 . 1 . 2 . 2 6 . . . . 2 . . . Derelict Logs Recovered 5 | . . . . 2 . . . . . . . . . 2 1 . Drone Launches . | . . . . . . . . . . . . . . . . . Drone Recoveries . | . . . . . . . . . . . . . . . . . Exploration | -11 -10 -10 -9 -9 -8 -8 -7 -7 -6 -6 -5 -5 -5 -5 -5 -5 ------------- Run | Yrd Mat Min Mat Min Mat Gar Fac Sto Fac DSF Fac Gar Fac Upp Upp War Turns Passed 7726 | 39 483 593 606 310 495 487 718 701 1 129 802 590 754 333 353 332 Spaces Moved 14413 | 39 443 664 1200 651 804 661 1680 1306 3 207 1462 869 1592 1148 1304 380 Core 3 | 3 . . . . . . . . . . . . . . . . Treads . | . . . . . . . . . . . . . . . . . Legs . | . . . . . . . . . . . . . . . . . Wheels 996 | 36 443 517 . . . . . . . . . . . . . . Hover . | . . . . . . . . . . . . . . . . . Flight 13414 | . . 147 1200 651 804 661 1680 1306 3 207 1462 869 1592 1148 1304 380 Fastest Speed 24 | 50 80 34 29 25 24 24 24 24 24 24 24 24 24 24 24 24 Average Speed 28 | 77 80 69 29 25 24 24 27 25 24 24 24 24 24 24 24 24 Slowest Speed 117 | 80 80 117 34 29 25 26 28 31 24 24 24 92 24 24 24 24 Overloaded Moves . | . . . . . . . . . . . . . . . . . Propulsion Burnouts . | . . . . . . . . . . . . . . . . . Robots Hopped 129 | . . 1 9 2 8 . 7 31 . 1 34 . 29 2 3 2 Cave-ins Triggered 1 | . . . . . . . . . . . . . . . . 1 Exploration Rate (%) 69 | 3 74 78 94 89 57 60 50 89 . 92 45 94 39 99 99 51 Regions Visited 16 Branch Regions 6 Pre-discovered Areas 2 | . . 1 1 . . . . . . . . . . . . . Known Exits Taken 9 | . 1 . 1 1 1 . 1 1 1 . 1 . 1 . . . Unknown Exits Taken 4 | 1 . 1 . . . . . . . . . . . 1 1 . Scrap Searched 9 | . . 1 . 1 . . . . . . . . . 5 2 . Spaces Dug 9 | . 1 . . . . . . . . . . . 2 . . 6 Terrain Destroyed 343 | . 1 3 55 11 45 51 34 70 . . 17 . 29 6 2 19 Melee . | . . . . . . . . . . . . . . . . . Projectile 78 | . 1 3 . . . . . 1 . . 17 . 29 6 2 19 AOE 265 | . . . 55 11 45 51 34 69 . . . . . . . . Terrain Rammed . | . . . . . . . . . . . . . . . . . Walls Destroyed . | . . . . . . . . . . . . . . . . . Machines Disabled . | . . . . . . . . . . . . . . . . . Actions | -11 -10 -10 -9 -9 -8 -8 -7 -7 -6 -6 -5 -5 -5 -5 -5 -5 --------- Run | Yrd Mat Min Mat Min Mat Gar Fac Sto Fac DSF Fac Gar Fac Upp Upp War Total 16571 | 44 503 748 1330 764 1022 852 1858 1460 2 261 1749 1162 1806 1174 1327 509 Wait 1044 | . 20 52 48 87 160 57 113 14 . . 199 81 136 10 7 60 Move 14157 | 38 442 661 1182 646 787 660 1665 1247 2 204 1398 868 1541 1143 1297 376 Hop 111 | . . 1 8 2 8 . 7 27 . 1 29 . 21 2 3 2 Pick Up 13 | . 1 . . 1 2 1 1 1 . . 3 3 . . . . Fast Attach 46 | 6 2 4 7 2 1 1 . 8 . 2 3 8 2 . . . Attach . | . . . . . . . . . . . . . . . . . Detach . | . . . . . . . . . . . . . . . . . Swap 31 | . . . 3 . 2 1 7 11 . 1 3 2 1 . . . Drop 56 | . 2 3 4 1 4 1 8 13 . 1 5 12 2 . . . Fire 620 | . 35 21 50 13 33 62 34 83 . 9 65 68 70 14 6 57 Melee . | . . . . . . . . . . . . . . . . . Ram . | . . . . . . . . . . . . . . . . . Kick . | . . . . . . . . . . . . . . . . . Crush . | . . . . . . . . . . . . . . . . . Escape Stasis 151 | . . . . . . 24 . . . 37 . 90 . . . . Rewire 14 | . . . . . . 6 . . . . . 7 1 . . . Trap 15 | . . . . . . . . . . 6 . . . . 9 . Miscellaneous 313 | . 1 6 28 12 25 39 23 56 . . 44 23 32 5 5 14 Route ------- -11/Scrapyard -10/Materials (discovered 5 exits: *Mat x3 / *Min x2) -10/Mines (discovered 2 exits: *Mat x2) -9/Materials (discovered 5 exits: *Mat x3 / *Min x2) -9/Mines -8/Materials (discovered 4 exits: *Fac x3 / Gar) -8/Garrison (discovered 4 exits: *Fac x3 / [*Mat]) -7/Factory (discovered 5 exits: *Fac / *Sto / *Low x2 / Gar) -7/Storage (discovered 3 exits: *Fac / *Rec / Gar) -6/Factory -6/DSF -5/Factory (discovered 6 exits: *Fac / *Upp x2 / Gar / Gar / Gar) -5/Garrison (discovered 3 exits: *Fac x3) -5/Factory (discovered 6 exits: *Fac x4 / *Upp x2) -5/Upper Caves -5/Upper Caves (discovered 2 exits: *Fac / [*War]) -5/Warlord History --------- Turn | Location | Event 1 | -11/Scrapyard | Upgraded with Power slot (x1) 1 | -11/Scrapyard | Upgraded with Propulsion slot (x1) 1 | -11/Scrapyard | Upgraded with Utility slot (x2) 1 | -11/Scrapyard | Upgraded with Weapon slot (x1) 22 | -11/Scrapyard | Discovered new exit (range 15) 40 | -11/Scrapyard | Entered Materials 58 | -10/Materials | Identified exit to Mines 200 | -10/Materials | Discovered new exit (range 10) 352 | -10/Materials | Build established: Hacker-Mutant 379 | -10/Materials | Discovered new exit (range 15) 403 | -10/Materials | Reached level 2 409 | -10/Materials | Upgraded with Weapon slot (x1) 427 | -10/Materials | Discovered new exit (range 15) 523 | -10/Materials | Entered Mines 523 | -10/Mines | Discovered new exit (range 7) 524 | -10/Mines | Learned location of Storage (-7) 619 | -10/Mines | Assembled infested the area 624 | -10/Mines | Assisted by a Guerilla fighting off Assembled 685 | -10/Mines | Discovered new exit (range 7) 854 | -10/Mines | Reached level 3 860 | -10/Mines | Upgraded with Propulsion slot (x1) 1116 | -10/Mines | Entered Materials 1118 | -9/Materials | Reached level 4 1118 | -9/Materials | Upgraded with Utility slot (x1) 1210 | -9/Materials | Discovered new exit (range 15) 1264 | -9/Materials | Discovered new exit (range 15) 1292 | -9/Materials | Reached level 5 1432 | -9/Materials | Reached level 6 1435 | -9/Materials | Upgraded with Utility slot (x1) 1524 | -9/Materials | Discovered new exit (range 5) 1597 | -9/Materials | Build established: Wizard-Sprinter 1597 | -9/Materials | Reached level 7 1607 | -9/Materials | Upgraded with Propulsion slot (x1) 1612 | -9/Materials | Identified exit to Materials 1612 | -9/Materials | Identified exit to Mines 1621 | -9/Materials | Destroyed 7 combat bots 1722 | -9/Materials | Entered Mines 1724 | -9/Mines | Reached level 8 1724 | -9/Mines | Upgraded with Propulsion slot (x1) 1775 | -9/Mines | Met a Derelict bent on vengeance 1800 | -9/Mines | Discovered exit to Materials (range 8) 1823 | -9/Mines | Received a Rocket Launcher from a helpful Derelict 1844 | -9/Mines | Met a Derelict testing a Signal Generator 1845 | -9/Mines | Found Signal Generator 1866 | -9/Mines | Learned 2 Materials zone layouts 1869 | -9/Mines | Learned Materials terminal intel 2032 | -9/Mines | Entered Materials 2032 | -8/Materials | Accompanied by 1 ally 2033 | -8/Materials | Identified exit to Factory 2034 | -8/Materials | Loaded intel: 12 terminal locations 2034 | -8/Materials | Reached level 9 2038 | -8/Materials | Identified exit to Garrison 2090 | -8/Materials | Reached level 10 2128 | -8/Materials | Discovered exit to Factory (range 4) 2187 | -8/Materials | Upgraded with Power slot (x1) 2220 | -8/Materials | Discovered exit to Factory (range 5) 2280 | -8/Materials | Reached level 11 2527 | -8/Materials | Entered Garrison 2527 | -8/Garrison | Accompanied by 1 ally 2531 | -8/Garrison | Triggered checkpoint 2542 | -8/Garrison | Discovered new exit (range 9) 2562 | -8/Garrison | Reached level 12 2586 | -8/Garrison | Destroyed 8 combat bots 2627 | -8/Garrison | Triggered checkpoint 2661 | -8/Garrison | Triggered checkpoint 2668 | -8/Garrison | Garrison Relay disabled 2685 | -8/Garrison | Destroyed 13 combat bots 2691 | -8/Garrison | Triggered checkpoint 2704 | -8/Garrison | Garrison Relay disabled 2710 | -8/Garrison | Garrison Relay disabled 2789 | -8/Garrison | Discovered exit to Factory (range 5) 2800 | -8/Garrison | Installed Relay Interface Framework 2805 | -8/Garrison | Triggered checkpoint 2805 | -8/Garrison | Reached level 13 2832 | -8/Garrison | Discovered exit to Factory (range 12) 2842 | -8/Garrison | Core integrity fell below 50% 2855 | -8/Garrison | Triggered checkpoint 2889 | -8/Garrison | Triggered checkpoint 2917 | -8/Garrison | Garrison Relay disabled 2953 | -8/Garrison | Rescued a captive Derelict 2955 | -8/Garrison | Rescued a captive Derelict 2980 | -8/Garrison | Discovered exit to Factory (range 15) 2980 | -8/Garrison | Discovered exit to Factory (range 66) 2980 | -8/Garrison | Discovered exit to Factory (range 48) 2980 | -8/Garrison | Discovered new exit (range 95) 3014 | -8/Garrison | Entered Factory 3014 | -7/Factory | Accompanied by 5 allies 3016 | -7/Factory | Reached level 14 3143 | -7/Factory | Identified exit to Garrison 3226 | -7/Factory | Discovered new exit (range 18) 3274 | -7/Factory | Fabricated K-01 Serf (x4) 3390 | -7/Factory | Fabricated L-31 Rogue? 3471 | -7/Factory | Reached level 15 3558 | -7/Factory | Garrison activated, responded to threat 3561 | -7/Factory | Fabricated HERF Cannon? 3570 | -7/Factory | Identified exit to Storage 3570 | -7/Factory | Identified exit to Lower Caves 3602 | -7/Factory | Fabricated Imp. Force Field? 3703 | -7/Factory | Discovered new exit (range 7) 3732 | -7/Factory | Entered Storage 3734 | -7/Storage | Reached level 16 3822 | -7/Storage | Identified exit to Garrison 3968 | -7/Storage | Discovered new exit (range 12) 4001 | -7/Storage | P-60 Hacker assimilated allied G-47 Trooper 4011 | -7/Storage | Garrison activated, responded to threat 4040 | -7/Storage | Identified exit to Recycling 4040 | -7/Storage | Identified exit to Factory 4085 | -7/Storage | Used back door to open Recycling access 4088 | -7/Storage | Met a pair of Derelict thieves 4132 | -7/Storage | First assault squad dispatched 4189 | -7/Storage | Core integrity fell below 50% 4208 | -7/Storage | Reached level 17 4300 | -7/Storage | Destroyed 23 combat bots 4337 | -7/Storage | Garrison activated, responded to threat 4433 | -7/Storage | Entered Factory 4434 | -6/Factory | Identified exit to DSF 4434 | -6/Factory | Entered DSF 4451 | -6/DSF | Additional patrols routed to DSF 4511 | -6/DSF | Discovered new exit (range 17) 4531 | -6/DSF | Reached level 18 4536 | -6/DSF | Local machine network offline 4563 | -6/DSF | Entered Factory 4565 | -5/Factory | Reached level 19 4583 | -5/Factory | Garrison activated, responded to threat 4617 | -5/Factory | Lost 4 allies 4662 | -5/Factory | Reached level 20 4694 | -5/Factory | Destroyed 15 combat bots 4703 | -5/Factory | Identified exit to Garrison 4770 | -5/Factory | Fabricated Myomer Leg? 4771 | -5/Factory | Discovered new exit (range 8) 4818 | -5/Factory | Fabricated Adv. Launcher Guidance Computer? 5020 | -5/Factory | Discovered new exit (range 10) 5024 | -5/Factory | Identified exit to Upper Caves 5055 | -5/Factory | Identified exit to Garrison 5147 | -5/Factory | Reached level 21 5156 | -5/Factory | Identified exit to Garrison 5171 | -5/Factory | Fabricated A-15 Conveyor? 5365 | -5/Factory | Entered Garrison 5373 | -5/Garrison | Expanded RIF knowledge: Program Shield 5377 | -5/Garrison | Spotted B-75 Beast 5435 | -5/Garrison | Triggered checkpoint 5458 | -5/Garrison | Triggered checkpoint 5476 | -5/Garrison | Destroyed B-75 Beast 5488 | -5/Garrison | Found embedded Infiltrators 5490 | -5/Garrison | Reached level 22 5528 | -5/Garrison | Triggered checkpoint 5531 | -5/Garrison | Destroyed 11 combat bots 5556 | -5/Garrison | Discovered new exit (range 8) 5597 | -5/Garrison | Triggered checkpoint 5633 | -5/Garrison | Discovered new exit (range 3) 5665 | -5/Garrison | Triggered checkpoint 5728 | -5/Garrison | Spotted Executioner 5728 | -5/Garrison | Spotted Executioner 5729 | -5/Garrison | Rewired Executioner 5731 | -5/Garrison | Rewired Executioner 5743 | -5/Garrison | Allies destroyed Executioner 5755 | -5/Garrison | Destroyed Executioner 5765 | -5/Garrison | Found Prototype Device 5765 | -5/Garrison | Identified Adv. Kinecellerator 5767 | -5/Garrison | Found Prototype Processor 5767 | -5/Garrison | Identified Exp. Targeting Computer 5775 | -5/Garrison | Found Prototype Processor 5775 | -5/Garrison | Identified Exp. Core Analyzer 5783 | -5/Garrison | Discovered new exit (range 11) 5787 | -5/Garrison | Spotted B-90 Cyclops 5793 | -5/Garrison | Rewired B-86 Titan 5801 | -5/Garrison | Destroyed B-90 Cyclops 5839 | -5/Garrison | Spotted B-75 Beast 5884 | -5/Garrison | Destroyed B-75 Beast 5955 | -5/Garrison | Entered Factory 5955 | -5/Factory | Accompanied by 6 allies 6022 | -5/Factory | Discovered new exit (range 6) 6081 | -5/Factory | Reached level 23 6113 | -5/Factory | Destroyed 11 combat bots 6137 | -5/Factory | Allies destroyed Executioner 6145 | -5/Factory | Found Exp. Core Analyzer 6172 | -5/Factory | Spotted B-75 Beast 6181 | -5/Factory | Discovered exit to Upper Caves (range 18) 6225 | -5/Factory | Fabricated Imp. Weapon Cycler? 6255 | -5/Factory | First assault squad dispatched 6257 | -5/Factory | Discovered exit to Upper Caves (range 9) 6273 | -5/Factory | Identified exit to Factory 6348 | -5/Factory | Identified exit to Garrison 6494 | -5/Factory | Lost 4 allies 6516 | -5/Factory | Fabricated B-48 Gladiator (x3) 6533 | -5/Factory | Local machine network offline 6544 | -5/Factory | Reached level 24 6696 | -5/Factory | Lost 4 allies 6709 | -5/Factory | Entered Upper Caves 6715 | -5/Upper Caves | Learned 4 Factory zone layouts 6877 | -5/Upper Caves | Discovered new exit (range 8) 6881 | -5/Upper Caves | Attracted the attention of an 0b10 checkpoint 6904 | -5/Upper Caves | Encountered a Warlord checkpoint 6933 | -5/Upper Caves | Ambushed by wild Derelicts 6964 | -5/Upper Caves | Learned location of 1 exit from Proximity Caves 7042 | -5/Upper Caves | Entered another Upper Caves area 7084 | -5/Upper Caves | Attracted the attention of an 0b10 checkpoint 7129 | -5/Upper Caves | Discovered new exit (range 9) 7234 | -5/Upper Caves | Discovered exit to Factory (range 12) 7278 | -5/Upper Caves | Learned Factory terminal intel 7395 | -5/Upper Caves | Entered Warlord 7405 | -5/Warlord | RIF detected upon attempting to enter Warlord's base 7405 | -5/Warlord | Attacked by Warlord forces 7407 | -5/Warlord | Spotted 70-W1A(B) 7407 | -5/Warlord | Spotted ND-7SU(B) 7435 | -5/Warlord | Destroyed 70-W1A(B) 7441 | -5/Warlord | Destroyed ND-7SU(B) 7510 | -5/Warlord | Destroyed 9 combat bots 7553 | -5/Warlord | Spotted TO-628(g) 7556 | -5/Warlord | Warlord's base attacked by MAIN.C 7594 | -5/Warlord | Destroyed TO-628(g) 7673 | -5/Warlord | Spotted 2L-QNV(K) 7688 | -5/Warlord | Spotted ZB-DDR(K) 7698 | -5/Warlord | Destroyed 2L-QNV(K) 7704 | -5/Warlord | Destroyed ZB-DDR(K) 7716 | -5/Warlord | Core integrity fell below 50% 7722 | -5/Warlord | Crushed by falling debris 7722 | -5/Warlord | Core integrity fell below 20% 7727 | -5/Warlord | Destroyed by Warlord with Compact HERF Cannon Last Messages --------------- 07644_ LW-CKA(b) destroyed. 07646_ ANNOUNCEMENT: MAIN.C reinforcements approaching through caves, arriving soon. 07656_ ANNOUNCEMENT: Detected 3 Grunt squads, 1 Saboteur squad. 07676_ Penetrated by HV Slug. 07698_ Critical hit (Burn: +37). 07698_ Retrofitting Station disabled. 07698_ 2L-QNV(K) destroyed. 07704_ ZB-DDR(K) destroyed. 07710_ XR-U85(g) destroyed. 07718_ Penetrated by HV Slug. 07718_ HV Slug penetrates Wall. 07721_ Penetrated by HV Slug. 07722_ System corrupted: Matter fused (-10). 07722_ The unstable cave ceiling collapses. 07722_ Crushed by falling debris. 07722_ Xenon Bombardment Thruster destroyed. 07722_ System corrupted by crushing effect (+2). 07724_ Penetrated by HV Slug. Map ----- +----------------------------------------------------+ | ???????????????#######+### ?# | | ???????????????# # ??#### | | ???????????????# # ??? | | ???????????????# # #### ??? | | ???????????????# # #?? ??? | | ???????????????# + ##??? ??? | | ???????????????# # #?????? ??? | | ???????????????# + #???????? """ "" | | ???????????????# ####+###?????" """ "" | | ???????????????###########?# #?????????"" """ | | ???????????????#???????????# #?????"??""" """ | | ????????????????""?????????# #????"" """ "" | | ????????????????? ????????# ##? "" "" | | ?????????????????? ??##########"# | | ???????????????????? ?+ | | ???????????" + | | ??????????" " ####??## | | ??????????" ##;;+####### #??????? | | ???????????? ??????# #???## "### #??????? | | ????????????""??????????# M #????? # #??#??????? | | ????????????????????????# #??????###?????????? | | ????????????????????????#GGg #??????????????????? | | ????????????????????????#GG"" #??????????????????? | | ????????????????????????#ggg""#??????????????????? | | ???????????????????????##Wg"""#??????????????????? | | ???????????????????????##@ ""#??????????????????? | | ???????????????????????#;!! ""#??????????????????? | | ???????????????????????##%/"" #??????????????????? | | ????????????????????????#*! #??????????????????? | | ????????????????????????# #??????????????????? | | ????????????????????????#######??????????????????? | | ?????????????????????????????????????????????????? | | ?????????????????????????????????????????????????? | | ?????????????????????????????????????????????????? | | ?????????????????????????????????????????????????? | | | | | | | | | | | | | | | | | | | | | | | | | | | | | | | +----------------------------------------------------+ Best States ------------- Heat Dissipation 147 Energy Generation 47 Energy Capacity 710 Matter Stores 300 Matter Capacity 300 Sight Range 18 Terrain Scan Density 10 Resistance: KI 40 Resistance: TH 40 Resistance: EX 40 Resistance: EM 20 Resistance: I 20 Resistance: S 20 Resistance: P 20 Evasion (%) 65 Core Analysis 12 Offensive Hacking 93 Defensive Hacking 34 Item Schematics ----------------- Signal Interpreter | -9/Materials | Scanalyzed Hacking Suite | -7/Factory | Scanalyzed Recoil Nullifier | -7/Storage | Hacked Thermal Defense Suite | -7/Storage | Hacked Drone Bay | -7/Storage | Hacked Impulse Thruster | -5/Factory | Hacked Cld. Antimatter Reactor | -5/Factory | Hacked Rnf. Antimatter Reactor | -5/Factory | Hacked Field Propulsion Array | -5/Factory | Hacked Adv. Plasma Cannon | -5/Factory | Hacked Adv. Drone Bay | -5/Factory | Hacked Robot Schematics ------------------ S-27 Virus | -7/Factory | Hacked O-24 Administrator | -7/Factory | Hacked M-22 Extractor | -5/Factory | Hacked Fabricated ------------ K-01 Serf | x4 | -7/Factory | Preloaded L-31 Rogue | x3 | -7/Factory | Preloaded HERF Cannon | x2 | -7/Factory | Preloaded Imp. Force Field | x2 | -7/Factory | Preloaded Myomer Leg | x2 | -5/Factory | Preloaded Adv. Launcher Guidance Computer | x2 | -5/Factory | Preloaded A-15 Conveyor | x1 | -5/Factory | Preloaded Imp. Weapon Cycler | x2 | -5/Factory | Preloaded B-48 Gladiator | x3 | -5/Factory | Preloaded Alien Tech Used ----------------- None Achievements -------------- Production Line Prolific Hacker Ride The Lightning Challenges ------------ None RPGLIKE | -11 -10 -10 -9 -9 -8 -8 -7 -7 -6 -6 -5 -5 -5 -5 -5 -5 --------- Run | Yrd Mat Min Mat Min Mat Gar Fac Sto Fac DSF Fac Gar Fac Upp Upp War Levels Raised 23 | . 1 1 4 1 3 2 2 2 . 1 3 1 2 . . . XP Earned 39111 | 4000 1649 1450 6912 1399 4321 2619 3726 2364 . 1201 4857 1932 2235 171 153 122 XP Spent 38350 | 3050 2450 800 6100 1400 5200 3000 2900 2950 . 1300 4580 750 3870 . . . Upgrades 82 | 6 10 1 8 1 9 9 5 16 . 2 9 1 5 . . . Power Slot 2 | 1 . . . . 1 . . . . . . . . . . . Propulsion Slot 4 | 1 . 1 1 1 . . . . . . . . . . . . Utility Slot 4 | 2 . . 2 . . . . . . . . . . . . . Weapon Slot 2 | 1 1 . . . . . . . . . . . . . . . Core Integrity 8 | . . . . . . . . 8 . . . . . . . . Heat Dissipation 19 | . 5 . . . . . . 7 . . 4 . 3 . . . Energy Generation 1 | . 1 . . . . . . . . . . . . . . . Mass Support 4 | . . . 2 . . . . . . . . . 2 . . . Inventory Capacity 4 | 1 . . . . 1 1 . 1 . . . . . . . . Sight Range 2 | . . . . . . 2 . . . . . . . . . . Ranged Accuracy 4 | . . . . . . . . . . . 4 . . . . . Hack Attack % 5 | . 1 . 2 . 2 . . . . . . . . . . . Hack Defense % 4 | . 2 . 1 . . . 1 . . . . . . . . . KI Resistance % 4 | . . . . . . 3 1 . . . . . . . . . TH Resistance % 4 | . . . . . 1 1 1 . . . . 1 . . . . EX Resistance % 4 | . . . . . 1 2 1 . . . . . . . . . TH Damage % 4 | . . . . . . . 1 . . 2 1 . . . . . EX Damage % 3 | . . . . . 3 . . . . . . . . . . . Protomatter Created 5510 | . 85 23 582 222 325 610 301 737 . 11 494 682 621 230 177 410 Integrity Restored 6077 | . 21 108 521 190 454 789 419 1135 . . 898 433 610 106 82 311 Core 4979 | . 21 108 461 120 380 658 288 883 . . 787 349 498 83 66 277 Parts 1098 | . . . 60 70 74 131 131 252 . . 111 84 112 23 16 34 Protomatter Decayed 4058 | . 30 13 318 130 98 374 315 468 . . 121 793 942 194 149 113 Game ------ Seed InsulatedVampiricLaser Manual? 0 Play Time 02:42:42 Cumulative 81.2 hours Start 2024.09.07 @ 19:52:38 End 2024.09.08 @ 21:26:43 Sessions 3 Manual Loads 0 Difficulty Adventurer Special Mode Winter2019/RPGLIKE Game No. 52 Rogue 0 Adventurer 52 Explorer 0 Win Type - Total 4 Types 2/0/1/1/0/0/0/0/0 Lore% 38 Gallery% 48 Achievement% 67 Wizard Run 0 Options --------- Layout 2 ASCII 0 Keyboard 0 Movement Numpad Keybinds 0 Fullscreen 2 Font 24/Smallcaps Map View 50x44 Zoom Use 0% Tactical HUD 1 Map Filters NONE Filters NONE Steam 1 RUN: ea6697b1-32cf-4422-9665-c4736ae5d2a9